Map: 드림캐처 - 래더

Players

Solar - Winner!

  • Race: Zerg Zerg
  • Spawn Location: 5:00

Bunny

  • Race: Terran Terran
  • League: Diamond
  • Spawn Location: 11:00

Event: HomeStory Cup XVII

VOD

Have the link to the VOD?

Description

Time

  • Played on: June 28, 2018, 4:43 p.m.
  • Length: 16:58

All games in this series

Show
View Real Time Build Order
Export as new Build Order

Solar Zerg - Winner!

Build Orders: Pool First, Muta Ling Bane 

Get SALT Encoding   

  12  0:01  Drone  
  13  0:13  Overlord  
  13  0:16  Drone  
  14  0:31  Drone  
  14  0:32  Drone  
  16  0:42  Spawning Pool  
  15  0:45  Drone  
  16  0:50  Drone  
  17  1:08  Hatchery  
  16  1:17  Drone  
  17  1:20  Extractor  
  16  1:29  Zergling x6  
  19  1:33  Queen  
  21  1:41  Overlord  
  21  1:51  Drone  
  22  2:02  Drone  
  23  2:09  Queen  
  23  2:14  Drone  
  26  2:20  Drone  
  26  2:22  Queen  
  29  2:28  Drone  
  30  2:31  Drone  
  30  2:32  Metabolic Boost  
  30  2:35  Drone  
  31  2:42  Drone  
  31  2:43  Drone  
  33  2:44  Drone  
  33  2:45  Drone  
  34  2:52  Overlord  
  34  2:56  Drone  
  34  2:57  Drone  
  35  3:11  Hatchery  
  34  3:13  Drone  
  34  3:15  Drone  
  34  3:17  Drone x2  
  38  3:21  Drone  
  38  3:23  Drone  
  38  3:26  Drone x2  
  42  3:30  Overlord  
  42  3:33  Drone x2  
  44  3:38  Overlord  
  44  3:47  Queen  
  46  3:53  Zergling x12  
  52  3:59  Lair  
  52  4:01  Drone x2  
  54  4:08  Extractor  
  54  4:09  Zergling x2, Extractor  
  53  4:12  Drone  
  53  4:13  Roach Warren  
  53  4:14  Overlord  
  53  4:18  Overlord  
  53  4:21  Overlord  
  53  4:23  Drone  
  54  4:26  Overlord  
  54  4:31  Queen  
  54  4:34  Pneumatized Carapace  
  54  4:37  Drone  
  57  4:39  Spore Crawler  
  57  4:40  Overlord  
  57  4:43  Drone  
  57  5:03  Roach x7  
  57  5:04  Roach  
  73  5:09  Roach x2  
  76  5:17  Queen  
  76  5:21  Overlord  
  78  5:28  Zergling x12  
  79  5:34  Overseer  
  84  5:39  Zergling x10  
  89  5:47  Overlord, Ravager  
  89  5:49  Overlord  
  90  5:52  Overlord  
  90  5:55  Overlord  
  90  6:06  Overlord  
  90  6:08  Ravager  
  90  6:09  Ravager x2  
  90  6:10  Drone x3  
  90  6:11  Drone x2  
  98  6:13  Drone x2  
  98  6:14  Drone  
  98  6:15  Drone  
  98  6:17  Drone  
  103  6:18  Drone  
  103  6:21  Drone  
  103  6:22  Ravager  
  103  6:24  Drone x2  
  108  6:26  Drone  
  108  6:28  Drone  
  108  6:32  Drone  
  107  6:37  Drone  
  106  6:40  Drone x2  
  106  6:41  Drone  
  106  6:42  Queen  
  106  6:46  Drone  
  96  7:01  Drone x3  
  96  7:03  Drone  
  96  7:04  Glial Reconstitution, Drone x2  
  96  7:05  Evolution Chamber x2  
  96  7:10  Drone  
  97  7:19  Drone x2  
  97  7:20  Drone  
  100  7:23  Drone  
  100  7:25  Overlord  
  100  7:28  Baneling Nest  
  100  7:29  Extractor  
  98  7:30  Drone  
  98  7:34  Extractor  
  98  7:35  Zerg Ground Armor Level 1, Zerg Melee Weapons Level 1  
  98  7:36  Drone x2  
  100  7:40  Drone x3  
  100  7:42  Spire  
  102  7:47  Hatchery  
  101  7:53  Extractor  
  101  7:57  Drone x2  
  102  7:59  Zergling x10  
  102  8:00  Zergling x2  
  102  8:04  Zergling x2  
  102  8:05  Zergling x6  
  112  8:10  Overlord  
  112  8:17  Baneling  
  112  8:18  Baneling x12, Zergling x2  
  112  8:19  Zergling x8  
  117  8:21  Overlord  
  117  8:27  Overlord  
  117  8:30  Overlord  
  117  8:32  Overlord  
  117  8:35  Zergling x10  
  122  8:43  Overlord x2  
  122  8:44  Overlord  
  122  8:48  Zergling x2  
  122  8:49  Zergling x6  
  120  9:01  Mutalisk x3  
  120  9:02  Mutalisk x4  
  134  9:05  Queen, Mutalisk x2  
  140  9:12  Zergling x10  
  140  9:15  Drone  
  143  9:17  Drone  
  143  9:19  Drone x3  
  143  9:21  Zergling x2  
  143  9:22  Zergling x2  
  148  9:29  Overlord  
  148  9:30  Zergling x2  
  148  9:31  Zergling x6  
  148  9:32  Zerg Ground Armor Level 2  
  148  9:33  Zerg Melee Weapons Level 2  
  148  9:36  Centrifical Hooks  
  148  9:38  Baneling x7  
  148  9:45  Zerg Flyer Weapons Level 1  
  148  9:46  Drone  
  148  9:47  Zergling x6  
  148  9:48  Zergling x14  
  159  9:56  Overlord  
  159  9:59  Zergling x2  
  156  10:00  Zergling x6  
  156  10:01  Baneling  
  156  10:02  Baneling x2  
  156  10:03  Hatchery  
  156  10:04  Zergling x4  
  160  10:07  Zergling x2  
  160  10:08  Zergling x6  
  160  10:13  Zergling x6  
  165  10:27  Zergling x18  
  165  10:28  Zergling x4  
  176  10:33  Zergling x2  
  176  10:34  Zergling x4  
  179  10:38  Overlord  
  179  10:40  Hatchery  
  179  10:41  Baneling x6, Zergling x2  
  179  10:42  Zergling x6  
  180  10:49  Zergling x2  
  179  10:50  Zergling x8  
  179  10:51  Baneling  
  179  10:52  Baneling x10  
  178  11:04  Zergling x10  
  173  11:14  Mutalisk x5  
  173  11:15  Zergling x2  
  173  11:16  Zergling x2  
  176  11:19  Zergling x4  
  176  11:24  Zergling x8  
  179  11:30  Overseer  
  172  11:35  Zergling x6  
  172  11:38  Baneling x13  
  175  11:44  Zergling x4  
  175  11:45  Baneling  
  175  11:46  Baneling x7  
  153  11:54  Zergling x4  
  153  11:58  Zergling x4  
  149  12:05  Zergling x2  
  149  12:06  Zergling x16  
  149  12:08  Baneling x10  
  157  12:14  Zergling x6  
  160  12:19  Zergling x2  
  160  12:25  Zergling x2  
  160  12:26  Baneling x5  
  160  12:29  Zergling x10  
  154  12:31  Zergling x6  
  154  12:33  Zergling x2  
  155  12:38  Baneling x12  
  155  12:39  Baneling x2  
  155  12:41  Zergling x8  
  148  12:47  Zergling x10  
  148  12:53  Baneling x4  
  148  12:54  Zergling x2  
  148  12:55  Zergling x2  
  140  13:04  Zergling x2  
  140  13:05  Zergling x14  
  115  13:06  Zergling x2  
  115  13:08  Baneling x5  
  115  13:12  Baneling x7, Mutalisk x4  
  113  13:17  Mutalisk x2  
  113  13:18  Mutalisk  
  113  13:19  Zergling x2  
  126  13:27  Zergling x10  
  126  13:31  Zergling x2  
  126  13:32  Zergling x2  
  126  13:33  Baneling x4  
  130  13:36  Overseer  
  130  13:38  Zergling x6  
  130  13:39  Zergling x2  
  133  13:43  Zergling x12  
  138  13:52  Zergling x4  
  138  13:55  Zergling x10  
  117  13:57  Baneling  
  117  13:58  Baneling x6  
  111  14:03  Mutalisk x3  
  111  14:05  Zergling x2  
  107  14:11  Mutalisk x3  
  107  14:15  Zergling x2  
  107  14:16  Zergling x10  
  107  14:23  Baneling x2  
  105  14:24  Zergling x2  
  105  14:25  Zergling x4  
  105  14:27  Zergling x2  
  105  14:28  Zergling x6  
  109  14:34  Hatchery  
  109  14:35  Zergling x8  
  109  14:36  Baneling  
  109  14:37  Baneling x6  
  112  14:39  Queen  
  112  14:41  Zergling x4  
  112  14:46  Zergling x4  
  112  14:48  Queen x2  
  112  14:50  Zergling x2  
  112  14:58  Zergling x6  
  104  15:05  Zergling x8  
  107  15:07  Zergling x2  
  107  15:14  Baneling x2  
  107  15:15  Baneling x2  
  107  15:18  Baneling x6  
  107  15:23  Zergling x2  
  107  15:24  Zergling x2  
  109  15:32  Zergling x6  
  109  15:34  Baneling x4  
  112  15:39  Zergling x4  
  112  15:41  Baneling x4  
  114  15:46  Zergling x2  
  114  15:47  Zergling x6  
  118  15:52  Zergling x8  
  116  15:59  Zergling x2  
  116  16:00  Zergling x8  
  116  16:02  Zergling x2  
  117  16:09  Zergling x10  
  121  16:21  Mutalisk x4  
  121  16:35  Baneling x9  
  121  16:37  Hatchery  
  121  16:38  Zergling x4  
  118  16:41  Zergling x2  
Show
View Real Time Build Order
Export as new Build Order

Bunny Terran 

Build Orders: Reaper Expand, MMM Bio 

Get SALT Encoding   

  12  0:00  SCV  
  13  0:12  SCV  
  14  0:17  Supply Depot  
  14  0:24  SCV  
  15  0:38  SCV  
  15  0:40  Barracks  
  16  0:44  Refinery  
  16  0:50  SCV  
  17  1:02  SCV  
  18  1:14  SCV  
  19  1:27  Orbital Command, Reaper  
  20  1:39  Command Center  
  20  1:49  Supply Depot  
  20  1:52  SCV  
  21  1:59  Marine  
  22  2:04  SCV  
  22  2:06  Factory  
  23  2:10  Refinery  
  23  2:16  SCV  
  23  2:22  Barracks Reactor  
  24  2:28  SCV  
  25  2:40  SCV  
  25  2:52  Starport, SCV  
  26  3:04  Hellion x2  
  26  3:05  Barracks Tech Lab, SCV  
  31  3:13  Orbital Command  
  31  3:17  SCV  
  32  3:25  Hellion x2  
  36  3:29  SCV  
  37  3:38  Viking  
  37  3:40  SCV  
  40  3:42  SCV  
  40  3:45  Supply Depot  
  41  3:52  SCV  
  41  3:54  SCV  
  45  4:07  Command Center  
  45  4:10  SCV x2  
  49  4:19  Supply Depot  
  45  4:25  SCV x2  
  45  4:29  Supply Depot  
  47  4:33  Stimpack, Barracks  
  47  4:34  Barracks  
  47  4:37  SCV x2  
  47  4:38  Marine  
  49  4:39  Factory Reactor  
  50  4:47  Engineering Bay  
  50  4:49  SCV x2  
  50  4:50  Engineering Bay  
  52  4:56  Marine  
  52  5:01  SCV x2  
  54  5:09  Starport Reactor  
  54  5:14  Marine, SCV x2  
  56  5:18  Refinery, Terran Infantry Armor Level 1, Terran Infantry Weapons Level 1  
  56  5:19  Refinery, Supply Depot  
  56  5:20  Orbital Command  
  57  5:21  Marine x2  
  57  5:23  Factory Tech Lab  
  59  5:30  Marine x2  
  59  5:35  Marine  
  63  5:39  Marine x2  
  63  5:40  Bunker  
  63  5:41  Bunker, Siege Tank  
  67  5:48  Medivac, Marine x2  
  71  5:51  Medivac  
  71  5:53  Marine  
  74  5:57  Marine x2  
  74  6:00  Supply Depot  
  76  6:06  Marine x2  
  76  6:11  Marine  
  78  6:15  Marine x2, Siege Tank  
  84  6:23  Marine  
  84  6:24  Marine  
  83  6:26  Supply Depot  
  83  6:27  Supply Depot  
  83  6:29  Marine  
  83  6:35  Combat Shields  
  81  6:44  Supply Depot  
  81  6:48  Marine x5  
  81  6:49  Medivac x2  
  79  6:55  Siege Tank  
  69  7:03  SCV  
  69  7:04  SCV  
  69  7:05  Liberator, Marine  
  69  7:07  Marine x4  
  75  7:15  Armory  
  75  7:16  SCV x2  
  77  7:23  Marine  
  77  7:25  Marine x3  
  77  7:28  SCV x2  
  86  7:33  Barracks  
  86  7:35  Barracks  
  86  7:38  Siege Tank  
  86  7:40  SCV x2  
  86  7:42  Orbital Command, Marine x2  
  86  7:43  Marine  
  94  7:48  Supply Depot  
  94  7:52  SCV x2  
  94  7:53  Supply Depot  
  96  8:04  SCV x2, Terran Infantry Armor Level 2, Terran Infantry Weapons Level 2  
  98  8:09  SCV  
  99  8:14  Supply Depot  
  99  8:15  Marine x4  
  99  8:16  SCV x2  
  99  8:18  Marine  
  106  8:25  SCV  
  107  8:28  SCV x2  
  107  8:29  Refinery  
  107  8:31  Siege Tank  
  112  8:36  Marine  
  112  8:37  Marine x3, SCV  
  112  8:38  Barracks Reactor x2  
  112  8:40  SCV x2  
  119  8:41  Medivac x2  
  119  8:45  Supply Depot  
  119  8:46  Supply Depot x2  
  119  8:47  Supply Depot  
  121  9:00  Barracks x2  
  121  9:02  Barracks  
  121  9:03  Marine, Siege Tank  
  121  9:06  Marine x3  
  121  9:07  Marine  
  127  9:19  SCV x3  
  127  9:20  Medivac x2  
  127  9:21  Marine  
  127  9:22  Marine x4  
  139  9:26  Supply Depot  
  139  9:28  Marine x4  
  142  9:39  Marine x4  
  142  9:44  Siege Tank  
  142  9:45  Sensor Tower  
  147  9:47  Marauder  
  147  9:52  Marine x4  
  150  9:53  Marine  
  150  9:58  Marine  
  150  9:59  Marine x4  
  156  10:00  Marine  
  156  10:06  Missile Turret  
  152  10:08  Marauder  
  152  10:10  Marine  
  151  10:16  Marine x4  
  153  10:27  Marine x5  
  156  10:29  Marine x3  
  156  10:34  Marine x2  
  161  10:39  Supply Depot x2  
  161  10:41  Supply Depot  
  161  10:44  Marine x2  
  161  10:45  Marine x2  
  165  10:52  Marine  
  165  10:54  Supply Depot  
  165  10:55  Marine  
  165  10:56  Marauder  
  165  10:59  Marine x4  
  165  11:00  Thor  
  169  11:05  Orbital Command  
  160  11:12  Marine  
  160  11:14  Marine x6  
  160  11:17  Marine x2  
  155  11:25  Marine  
  150  11:26  Marine x2  
  150  11:30  Marine  
  150  11:32  Marine x3  
  157  11:33  Marine  
  157  11:35  Marine x4  
  162  11:43  Marine, Missile Turret  
  163  11:49  Marine x2  
  133  11:54  Marine x2  
  133  11:56  Marine x3  
  133  12:00  SCV x2  
  127  12:09  Marine  
  127  12:10  Marine x4  
  132  12:20  Marine x4  
  136  12:28  Marine x4  
  117  12:38  Marine x5  
  117  12:41  SCV  
  109  12:50  Marine x2  
  109  12:52  Marine  
  109  12:56  Orbital Command  
  86  13:10  Marine  
  86  13:11  Marine  
  85  13:20  Missile Turret  
  84  13:29  Marine  
  84  13:33  Marine x4  
  86  13:38  Marine x2  
  84  13:43  Marine  
  84  13:44  Marine  
  65  13:56  Marine x5  
  65  14:02  Marine  
  62  14:03  Marine  
  62  14:05  Marine  
  57  14:12  Marine  
  54  14:18  Marine x5  
  54  14:26  Medivac  
  54  14:30  Marine  
  54  14:31  Marine x2  
  57  14:33  Marine  
  57  14:36  Marine  
  58  14:42  Marine x2  
  57  14:48  Marine x3  
  43  15:03  Marine x7  
  43  15:06  Marine  
  44  15:11  Marine x2  
  42  15:16  Medivac  
  42  15:20  Marine x2  
  46  15:23  Medivac  
  46  15:25  Marine  
  49  15:29  Marine x2  
  49  15:32  Marine  
  49  15:35  Marine x2  
  52  15:40  Marine x2  
  56  15:42  Marine  
  56  15:43  Marine  
  56  15:44  Marine  
  56  16:01  Marine x6  
  56  16:02  Marine  
  51  16:04  Marine x2  
  51  16:08  Marine x2  
  54  16:16  Marine  
  55  16:19  Marine x3  
  55  16:23  Marine  
  55  16:24  Marine x2  
  56  16:28  Marine  
  56  16:32  Marine x2  
  55  16:37  Marine x3  
Tags
 
Add a new tag
Caveats
  • Supply blocks, unpowered buildings, or Contaminate may cause inaccurate times.
  • Supply counts are checked every 10 seconds.